 Dungeon Crawl Stone Soup version 0.29.1-2-gbd0b4ee654 (webtiles) character file.

Game seed: 47724051073721183

134 BlackCrag the Gusty (level 4, -7/22 (24) HPs)
             Began as a Deep Elf Air Elementalist on Oct 29, 2022.
             Mangled by a hell rat (8 damage)
             ... in a sewer.
             The game lasted 00:13:48 (3118 turns).

BlackCrag the Gusty (Deep Elf Air Elementalist)     Turns: 3118, Time: 00:13:51

HP:   -7/22 (24)    AC:  2    Str:  5    XL:     4   Next: 95%
MP:   9/11          EV: 13    Int: 22    God:
Gold: 123           SH:  0    Dex: 15    Spells: 1/10 levels left

rFire   . . .      SeeInvis .   h - +1 dagger (vamp)
rCold   . . .      Faith    .   (no shield)
rNeg    . . .      Spirit   .   a - +0 robe
rPois   .          Reflect  .   (no helmet)
rElec   .          Harm     .   (no cloak)
rCorr   .          Rampage  .   (no gloves)
Will    .....                   (no boots)
Stlth   ++........              (no amulet)
HPRegen 0.07/turn               (no ring)
MPRegen 0.12/turn               (no ring)

@: drained
A: no striking features
a: no special abilities


You were in a sewer.
You visited 1 branch of the dungeon, and saw 3 of its levels.
You also visited: Sewer.

You collected 123 gold pieces.

Inventory:

Hand Weapons
 h - a +1 vampiric dagger (weapon)
Armour
 a - a +0 robe (worn)
Scrolls
 c - a scroll of identify
 d - a scroll of blinking
 f - a scroll of enchant weapon
 g - a scroll of vulnerability
 i - 2 scrolls of teleportation
 m - a scroll of poison
Potions
 b - a potion of magic
 j - 3 potions of haste
 l - 2 potions of curing


   Skills:
 + Level 3.0 Dodging
 + Level 3.0 Stealth
 + Level 3.8 Spellcasting
 + Level 1.9 Conjurations
 * Level 4.3 Air Magic
 * Level 1.6 Earth Magic


You had one spell level left.
You knew the following spells:

 Your Spells              Type           Power      Damage    Failure   Level
a - Shock                 Conj/Air       72%        1d7       3%          1
b - Static Discharge      Conj/Air       18%        3-6/arc   4%          2
c - Passwall              Tmut/Erth      5%         N/A       12%         2
d - Airstrike             Air            11%        2d(2-18)  19%         4

Your spell library contained the following spells:

 Spells                   Type           Power      Damage    Failure   Level
 Swiftness                Air            23%        N/A       6%          3
 Ensorcelled Hibernation  Hex/Ice        8%         N/A       17%         2


Dungeon Overview and Level Annotations

Branches:
Dungeon (3/15)              Sewer (1/1)

Altars:


Message History

The rat is severely wounded.
Aiming: Shock (safe; 3% risk of failure)
Press: ? - help, Q - select action, (/) - cycle Shift-Dir - straight line, f/p - rat
Aim: a rat (severely wounded, 71% to hit)
The zap hits the rat.
You kill the rat!
You enter the shallow water.
Moving in this stuff is going to be slow.
You enter the shallow water.
Moving in this stuff is going to be slow.
You enter the shallow water.
Moving in this stuff is going to be slow.
You enter the shallow water.
Moving in this stuff is going to be slow.
You enter the shallow water.
Moving in this stuff is going to be slow.
You see here a rat corpse.
You enter the shallow water.
Moving in this stuff is going to be slow.
You open the door.
A hell rat comes into view.
The hell rat roars deafeningly!
The hell rat moves out of view.
Found four items.
Found a gate leading back out of this place.
Found three items.
There is an open door here.
Casting: Shock (safe; 3% risk of failure)
Confirm with . or Enter, or press ? or * to list all spells.
The hell rat is struck by an arc of lightning.
The hell rat is lightly wounded.
You are struck by an arc of lightning.
The hell rat is struck by an arc of lightning.
The hell rat is moderately wounded.
You are struck by an arc of lightning.
The lightning grounds out.
The hell rat bites you!!
Ouch! That really hurt!
* * * LOW HITPOINT WARNING * * *
You feel drained.
You die...

#########
###~.~~~~.###
###~~..~~~~..~###
#~~~†~##@##~....#
##~..###.r.###~~~##
#~~.##.~~~~~~##~~~#
#~~~#.~~~~~~..#~..#
#~~.##~??!?!.##...#
##.~~###?∩!###..~##
#.~..~#####~~.~~#
###.~~.~∩~~.~~###
###.~~∩..~###


You could see a hell rat.

Vanquished Creatures
  An orc priest (D:3)
  2 adders
  2 river rats
  A worm (D:2)
  A dart slug (D:1)
  An orc (D:3)
  A ball python (D:3)
  6 endoplasms
  3 giant cockroaches
  8 goblins
  9 hobgoblins
  2 jackals (D:1)
  7 bats
  10 frilled lizards
  4 kobolds
  6 rats
64 creatures vanquished.

Notes
Turn   | Place    | Note
-------+----------+-------------------------------------------
     0 | D:1      | BlackCrag the Deep Elf Air Elementalist began the quest for
                  | the Orb.
     0 | D:1      | Reached XP level 1. HP: 10/10 MP: 6/6
   164 | D:1      | Reached XP level 2. HP: 15/15 MP: 0/8
   317 | D:1      | Learned a level 2 spell: Static Discharge
   427 | D:1      | Found a faded altar of an unknown god.
  1079 | D:1      | Reached XP level 3. HP: 19/19 MP: 4/9
  1082 | D:1      | Learned a level 2 spell: Passwall
  1625 | D:2      | Reached skill level 1 in Earth Magic
  2653 | D:2      | Reached XP level 4. HP: 24/24 MP: 9/11
  2658 | D:2      | Learned a level 4 spell: Airstrike
  2864 | D:3      | Reached skill level 4 in Air Magic
  2987 | D:3      | Found a glowing drain.
  3053 | Sewer    | Entered a sewer
  3118 | Sewer    | HP: 1/24 [hell rat (18)]
  3118 | Sewer    | Mangled by a hell rat

Illustrated notes

Levels and vault maps discovered:
D:1:      dpeg_arrival_castle, layout_loops_ring,
          hellmonk_ecumenical_altar_run_dry, minmay_lizard_pond
D:2:      layout_basic
D:3:      layout_rooms, lemuel_coloured_pillars_altar, portal_sewer_entry_b,
          serial_shops, shop, st_stairs_10, nrook_mini_vaults,
          kennysheep_big_empty_room, uniq_jessica, uniq_crazy_yiuf_cottage
Sewer:    sewer_hellmonk_bad_rat

Skill      XL: |  1  2  3  4 |
---------------+-------------+-----
Dodging        | 3 |  3.0
Earth Magic    | 1 |  1.6
Stealth        | 3 |  3.0
Air Magic      | 4 |  4.3
Spellcasting   | |  3.8
Conjurations   | |  1.9

Action                   |  1- 3 |  4- 6 || total
-------------------------+-------+-------++-------
Melee: Dagger            |       |     1 ||     1
 Cast: Shock             |    77 |    23 ||   100
       Static Discharge  |    16 |     4 ||    20
  Use: Scroll            |     7 |     2 ||     9
Armor: Robe              |     8 |     1 ||     9
Dodge: Dodged            |    15 |       ||    15
